 Dungeon Sprint DCSS version 0.28-a0-1087-gf3fc490d9d (webtiles) character file.

Game seed: 1856552146422425133

4532 rocky1 the Formicid Aeon (level 10, -1/88 HPs)
             Began as a Formicid Fighter on Dec 11, 2021.
             Was the Champion of Cheibriados.
             Killed from afar by a red draconian (34 damage)
             ... with a searing blast
             ... in the Dungeon (Sprint VII: "The Pits").
             The game lasted 00:09:18 (1555 turns).

rocky1 the Formicid Aeon (Formicid Fighter)         Turns: 1555, Time: 00:09:18

Health: -1/88      AC: 22    Str: 42    XL:     10   Next: 66%
Magic:  18/18      EV: 14    Int: 24    God:    Cheibriados [******]
Gold:   0          SH:  8    Dex: 25    Spells: 9/9 levels left

rFire   . . .      SeeInvis +   v - +2 war axe (freeze)
rCold   . . .      Faith    .   c - +0 buckler
rNeg    . . .      Spirit   .   s - +3 plate armour
rPois   .          Reflect  .   (helmet unavailable)
rElec   .          Harm     .   (no cloak)
rCorr   .          Rampage  .   r - +0 pair of gloves
Will    +....                   q - +0 pair of boots
Stlth   ..........              (no amulet)
HPRegen 0.24/turn               n - +3 ring of strength
MPRegen 0.16/turn               o - +3 ring of protection

@: very slow
A: permanent stasis, dig shafts and tunnels, antennae 3, four strong arms
a: Dig, Renounce Religion, Bend Time, Temporal Distortion, Slouch, Step From
Time


You were in the Dungeon.
You worshipped Cheibriados.
Cheibriados was exalted by your worship.
You visited 1 branch

Inventory:

Hand Weapons
 a - a +5 scimitar
 t - the +2 morningstar of Okawaru's Castigation {freeze, rPois rN+ Int+7 Dex-2}
   (You found it in the Dungeon)

   It freezes those it strikes, dealing additional cold damage.
   It can also slow down cold-blooded creatures.
   Int:       It affects your intelligence (+7).
   Dex:       It affects your dexterity (-2).
   rPois:     It protects you from poison.
   rN:        It protects you from negative energy.
 u - a +2 scimitar of holy wrath
 v - a +2 war axe of freezing (weapon)
Missiles
 b - 3 curare-tipped darts (quivered)
Armour
 c - a +0 buckler (worn)
 q - a +0 pair of boots (worn)
 r - a +0 pair of gloves (worn)
 s - a +3 plate armour (worn)
Jewellery
 n - a +3 ring of strength (left hand)
 o - a +3 ring of protection (right hand)
Scrolls
 i - 5 scrolls of amnesia
 j - a scroll of summoning
Potions
 d - a potion of might
 e - 9 potions of curing
 g - 4 potions of magic
 h - a potion of invisibility
 l - 7 potions of heal wounds
 p - a potion of mutation


   Skills:
 + Level 11.6 Fighting
 + Level 8.6 Long Blades
 + Level 10.4(11.3) Axes
 + Level 6.8(9.5) Maces & Flails
 - Level 8.9 Armour
 - Level 6.8 Dodging
 - Level 9.8 Shields
 + Level 11.9 Invocations


You had 9 spell levels left.
You didn't know any spells.
Your spell library was empty.

Dungeon Overview and Level Annotations

Branches:
Dungeon (1/1)

Altars:
Ashenzari
Cheibriados
Dithmenos
Elyvilon
Fedhas
Gozag
Hepliaklqana
Kikubaaqudgha
Makhleb
Nemelex Xobeh
Okawaru
Qazlal
Ru
Sif Muna
Trog
Uskayaw
Vehumet
Wu Jian
Xom
Yredelemnul
Zin
The Shining One
Beogh
Jiyva
Lugonu


Innate Abilities, Weirdness & Mutations

You cannot be hasted, slowed, berserked, paralysed or teleported.
You can dig through walls and to a lower floor.
You have a pair of large antennae on your head. (SInv)
Your four strong arms can wield two-handed weapons with a shield.


Message History

HP restored.
A redback, an orc warrior, 2 orc priests and a red draconian come into view.
The red draconian roars!
The orc warrior shouts!
The orc priest shouts! x2
The orc priest mumbles some strange prayers to Beogh against you.
Beogh smites you! The redback bites you.
An orc comes into view. It is wielding a +0 whip.
You slice the redback!! You freeze the redback.
The redback is severely wounded.
The redback bites you but does no damage.
You block the redback's attack.
You hit the redback. You freeze the redback.
The redback is almost dead.
The redback bites you!
The orc priest calls down the wrath of Beogh upon you.
Beogh smites you!
Unknown command.
You slice the redback!! You freeze the redback.
You kill the redback!
Cheibriados thoroughly appreciates the change of pace.
The red draconian breathes fire at you. The searing blast hits you!!
* * * LOW HITPOINT WARNING * * *
Unknown command.
You feel much better.
Unknown command.
You closely miss the red draconian.
The orc priest calls down the wrath of Beogh upon you.
Beogh smites you!
The red draconian hits you with a +0 battleaxe!
You hit the red draconian but do no damage.
The red draconian barely misses you.
You slash the red draconian!
The red draconian seems to slow down.
You freeze the red draconian.
The red draconian is lightly wounded.
You hit the red draconian but do no damage.
The red draconian is lightly wounded.
You hit the orc warrior. You freeze the orc warrior.
The red draconian breathes fire at you. The searing blast hits you!!
You die...

{ {{{ {{{ {
##################+#
................°..#
.....)..........@o.#
#++##############do#
{{{


oo# { ..# ..# ..# { ..# ..# You could see a red draconian (slow, catching
breath), an orc warrior, 2 orc priests and an orc.

Vanquished Creatures
  A nagaraja (D)
  Sonja (D)
  A deep elf pyromancer (D)
  A cyclops (D)
  An eye of devastation (D)
  A hornet (D)
  A tyrant leech (D)
  A redback (D)
  A spriggan (D)
  A flying skull (D)
  A ynoxinul (D)
  A fire bat (D)
  A chaos spawn (D)
  2 floating eyes (D)
  A gnoll sergeant (D)
  A scorpion (D)
  5 wights (D)
  An orc priest (D)
  An orc wizard (D)
  A mummy (D)
  2 gnolls (D)
  A river rat (D)
  A white imp (D)
  An ufetubus (D)
  2 adder zombies (D)
  An adder simulacrum (D)
  4 orcs (D)
  An endoplasm (D)
  2 ball python skeletons (D)
  A frilled lizard (D)
  A rat (D)
42 creatures vanquished.

Vanquished Creatures (others)
  A goblin (D)
1 creature vanquished.

Grand Total: 43 creatures vanquished

Notes
Turn   | Place    | Note
-------+----------+-------------------------------------------
     0 | D        | rocky1 the Formicid Fighter began the quest for the Orb.
     0 | D        | Reached XP level 1. HP: 18/18 MP: 1/1
    22 | D        | Reached skill level 1 in Dodging
    50 | D        | Found a bloodstained altar of Trog.
    50 | D        | Found a shimmering blue altar of Sif Muna.
    50 | D        | Found a viscous altar of Jiyva.
    50 | D        | Found a hazy altar of Hepliaklqana.
    50 | D        | Found an opulent altar of Gozag.
    51 | D        | Found a glowing golden altar of the Shining One.
    51 | D        | Found a glowing silver altar of Zin.
    51 | D        | Found a basalt altar of Yredelemnul.
    51 | D        | Found a shimmering altar of Xom.
    51 | D        | Found an ornate altar of the Wu Jian Council.
    51 | D        | Found a sacrificial altar of Ru.
    51 | D        | Found a stormy altar of Qazlal.
    51 | D        | Found an iron altar of Okawaru.
    51 | D        | Found a sparkling altar of Nemelex Xobeh.
    51 | D        | Found a burning altar of Makhleb.
    51 | D        | Found a blossoming altar of Fedhas.
    51 | D        | Found a white marble altar of Elyvilon.
    51 | D        | Found a shadowy altar of Dithmenos.
    51 | D        | Found a snail-covered altar of Cheibriados.
    54 | D        | Found a corrupted altar of Lugonu.
    54 | D        | Found a radiant altar of Vehumet.
    55 | D        | Found an ancient bone altar of Kikubaaqudgha.
    55 | D        | Found a hide-covered altar of Uskayaw.
    55 | D        | Found a broken altar of Ashenzari.
    70 | D        | Became a worshipper of Cheibriados the Contemplative
    87 | D        | Noticed a floating eye
    92 | D        | Killed a floating eye
    92 | D        | Reached * piety under Cheibriados
    93 | D        | Reached skill level 5 in Fighting
    93 | D        | Reached skill level 5 in Armour
    93 | D        | Reached skill level 5 in Shields
    93 | D        | Reached XP level 2. HP: 27/27 MP: 1/4
    93 | D        | Reached XP level 3. HP: 33/33 MP: 1/5
    93 | D        | Reached XP level 4. HP: 39/39 MP: 1/6
    93 | D        | Reached XP level 5. HP: 44/44 MP: 1/7
   171 | D        | Reached ** piety under Cheibriados
   199 | D        | Noticed a fire bat
   202 | D        | Reached *** piety under Cheibriados
   221 | D        | Killed a fire bat
   221 | D        | Reached **** piety under Cheibriados
   222 | D        | Reached skill level 5 in Axes
   222 | D        | Reached skill level 5 in Invocations
   222 | D        | Reached XP level 6. HP: 42/53 MP: 8/10
   326 | D        | Noticed a flying skull
   327 | D        | Killed a flying skull
   327 | D        | Reached ***** piety under Cheibriados
   328 | D        | Reached skill level 5 in Dodging
   328 | D        | Reached XP level 7. HP: 61/61 MP: 5/12
   338 | D        | Reached XP level 8. HP: 63/68 MP: 6/13
   338 | D        | Reached ****** piety under Cheibriados
   432 | D        | Noticed a cyclops
   459 | D        | Killed a cyclops
   460 | D        | Reached skill level 5 in Long Blades
   460 | D        | Reached XP level 9. HP: 27/75 MP: 12/15
   502 | D        | Got the +2 morningstar of Okawaru's Castigation {freeze,
                  | rPois rN+ Int+7 Dex-2}
   726 | D        | Noticed Sonja
   729 | D        | Killed Sonja
   746 | D        | Noticed a tyrant leech
   746 | D        | Noticed an eye of devastation
   757 | D        | Killed an eye of devastation
   758 | D        | Reached skill level 10 in Fighting
   764 | D        | Killed a tyrant leech
   765 | D        | Reached skill level 10 in Invocations
  1071 | D        | Noticed a deep elf pyromancer
  1071 | D        | Noticed a spriggan rider
  1077 | D        | Killed a hornet
  1078 | D        | Reached XP level 10. HP: 84/86 MP: 11/17
  1080 | D        | Killed a deep elf pyromancer
  1081 | D        | Reached skill level 5 in Maces & Flails
  1230 | D        | Noticed a nagaraja
  1240 | D        | Killed a nagaraja
  1241 | D        | Reached skill level 10 in Axes
  1547 | D        | Noticed a red draconian
  1555 | D        | Killed from afar by a red draconian

Illustrated notes

Levels and vault maps discovered:
D:        pitsprint [storerooms_1, entrance_room_1, metal_vault_1, armoury_2,
          mini_pit_1, grid_room_1, main_hall_1, silver_pit, the_coven_3,
          the_vestibule_1, steel_vault_5, golden_pit, hallway_of_sentries,
          crystal_vault_2, iron_vault_1, final_vault]

Skill      XL: |  1  2  3  4  5  6  7  8  9 10 |
---------------+-------------------------------+-----
Dodging        | 3 4 5 6 |  6.8
Shields        | 5 7 8 9 |  9.8
Fighting       | 5 6 7 8 10 11 | 11.6
Axes           | 4 5 6 7 9 10 | 10.4
Armour         | 5 6 7 8 |  8.9
Invocations    | 3 5 7 8 10 11 | 11.9
Long Blades    | 3 5 7 8 |  8.6
Maces & Flails | 4 6 |  6.8

Action                   |  1- 3 |  4- 6 |  7- 9 | 10-12 || total
-------------------------+-------+-------+-------+-------++-------
Melee: War axe           |    12 |    25 |    16 |    15 ||    68
       Mace              |       |       |    58 |       ||    58
Invok: Bend Time         |       |     1 |       |       ||     1
       Slouch            |       |     1 |     1 |     2 ||     4
  Use: Potion            |       |     1 |     4 |     2 ||     7
 Stab: Invisible         |       |       |     3 |       ||     3
Armor: Scale mail        |     3 |    19 |       |       ||    22
       Chain mail        |       |       |    17 |       ||    17
       Plate armour      |       |       |     5 |     4 ||     9
Dodge: Dodged            |     3 |    28 |    32 |     3 ||    66
Block: Buckler           |     2 |    10 |    23 |     4 ||    39

Table legend: (Time is in decaauts)
 A = Elapsed time spent in this place.
 B = Non-inter-level travel time spent in this place.
 C = Inter-level travel time spent in this place.
 D = Time resting spent in this place.
 E = Time spent auto-exploring this place.
 F = Levels seen in this place.
 G = Mean time per level.
                   A        B        C        D        E       F      G
               +--------+--------+--------+--------+--------+-----+--------+
         Total |   1857 |   1808 |     49 |    928 |      0 |   1 | 1857.0 |
       Dungeon |   1857 |   1808 |     49 |    928 |      0 |   1 | 1857.0 |
               +--------+--------+--------+--------+--------+-----+--------+

Top non-repeatable levels by time:
       D: 1857 daAuts
